[Event "MPL 19th IND-ch Teams Women 2022"]
[Site "Jalgaon"]
[Date "2022.04.10"]
[Round "3.2"]
[White "Gomes, Mary Ann"]
[Black "Divya Deshmukh"]
[Result "0-1"]
[ECO "A06"]
[WhiteElo "2361"]
[BlackElo "2301"]
[Annotator "TA"]
[PlyCount "166"]
[EventDate "2022.04.10"]
[EventType "team-tourn"]
[EventCountry "IND"]
[SourceTitle "playchess.com"]
[Source "ChessBase"]
[SourceQuality "1"]
[TimeControl "5400+30"]

1. Nf3 d5 2. g3 Nf6 3. Bg2 c5 4. c4 d4 5. O-O Nc6 6. d3 e5 7. e3 Be7 8. exd4 exd4 9. Na3 O-O 10. Nc2 h6 11. Re1 Bf5 12. Ne5 Nxe5 13. Rxe5 Bg4 14. Bf3 Bd6 15. Re1 Qd7 16. Bxg4 Nxg4 17. f3 Nf6 18. Bd2 Qf5 19. Qe2 Nd7 20. f4 Nf6 21. Kg2 Qd7 22. Qf3 Rfe8 23. b3 a6 24. Rxe8+ Rxe8 25. Re1 b5 26. Rxe8+ Qxe8 27. cxb5 axb5 28. b4 $2 (28. f5 $15) 28... Qe6 $1 $19 29. Qa8+ Kh7 (29... Bf8 $1 $19 {aiming for ...Qe2+.} 30. Kf1 Qg4) 30. Kf1 $17 Qh3+ 31. Qg2 Qc8 32. bxc5 Bxc5 33. a3 Qe6 34. Bb4 Bxb4 35. Nxb4 ({White must play} 35. axb4 $15 Qb3 36. Qd2) 35... Qb3 $1 $19 36. Qc2 Qxa3 37. Qc5 Nd5 $2 ({Better is} 37... Qa1+ $1 $19 38. Kg2 Qb2+ 39. Kh3 Qe2 40. Qf5+ Kh8 41. Qc8+ Ng8) 38. Qxd5 $11 Qxb4 39. Qf5+ $2 ({Much weaker is} 39. Qxf7 Qb1+ 40. Kf2 Qc2+ 41. Kg1 Qxd3 $17) (39. Ke2 $11 {and White stays safe.}) 39... Kg8 $19 40. Qc8+ Kh7 41. Qf5+ Kg8 42. Qc8+ $1 Qf8 43. Qc6 ({Weaker is} 43. Qd7 Qc5 44. Qe8+ Kh7 45. Qxf7 Qc1+ 46. Kf2 Qe3+ 47. Kg2 Qe2+ 48. Kg1 Qe1+ 49. Kg2 Qe2+ 50. Kg1 Qe3+ 51. Kg2 Qe2+ $19) 43... b4 44. Qb6 Qa8 45. Qxb4 Qf3+ 46. Kg1 Qxd3 47. Qe7 $2 (47. Qb7) 47... f5 $1 $19 48. Qe8+ Kh7 49. Qe1 Qc2 $2 (49... Qb3 50. Qe5 Qb1+ 51. Kf2 Qe4) 50. Qe5 $2 (50. Qa5) 50... Qb1+ (50... Qe4 $142 51. Qa5 Qe3+ 52. Kf1 Kg6 53. Qb6+ Kh5) 51. Kf2 $19 Qd3 $2 (51... Qe4 $1 $19 {[%cal Re4e5] and Black stays clearly on top. Hoping for ...Qxe5.} 52. Qc5 Qe3+ 53. Kg2 Kg6 54. Qc6+ Kh5) 52. Qe2 Qc3 ({Black should try} 52... Qe4 $1 $17 {White must now prevent ...Qh1.} 53. Qd2 Kg6) 53. Qe5 $1 $11 Qc2+ 54. Kf3 $2 (54. Kg1 $11) 54... Qc6+ 55. Kf2 Qe4 $1 56. h4 d3 (56... Kg6 $142 57. Qa5 Qc2+ 58. Kf1 Kh5 59. Qe5 Kg4 60. Qxd4 Kf3 61. Qd5+ Kxg3 62. Qd4 Qg2+ 63. Ke1 Qe4+ 64. Qxe4 fxe4 65. f5 Kxh4 66. f6 gxf6 67. Kd2 Kg4 68. Ke2 f5 69. Kd2 h5 70. Kc2 h4 71. Kd1 h3 72. Ke2 h2 73. Ke3 h1=Q 74. Kd4 e3 75. Kc4 e2 76. Kc5 e1=Q 77. Kb6 Qb4+ 78. Kc7 Qhb7+ 79. Kd8 Qf8#) 57. Qb2 $19 Kg6 58. Qd2 Qd4+ 59. Kg2 Kf6 (59... Qc4 $142 60. Kf2 Qc2 61. Ke3 Qxd2+ 62. Kxd2 Kh5 63. Kxd3 Kg4 64. Ke3 Kxg3 65. h5 Kg4 66. Kf2 Kxf4 67. Kg2 Kg4 68. Kh2 Kxh5 69. Kg3 g5 70. Kf3 g4+ 71. Kf4 Kg6 72. Ke3 Kg5 73. Kd4 f4 74. Ke4 f3 75. Ke3 Kf5 76. Kf2 Kf4 77. Ke1 g3 78. Kf1 g2+ 79. Ke1 g1=Q+ 80. Kd2 f2 81. Kd3 f1=Q+ 82. Kc3 Ke4 83. Kb3 Qb1+ 84. Kc4 Qd4#) 60. h5 Ke7 $2 (60... g6 61. Kf1 gxh5) 61. Kf3 Kd6 62. Qe3 $2 (62. Qd1 $19 Ke7 63. Qe1+ Kf7 64. Qd2) 62... Kd5 $2 (62... Qd5+ 63. Kf2 d2 64. Qe5+ Qxe5 65. fxe5+ Kxe5 66. Ke2 Ke4 67. Kxd2 Kf3 68. Ke1 Kxg3 69. Ke2 f4 70. Kf1 Kf3 71. Ke1 Kg2 72. Kd1 f3 73. Kc2 f2 74. Kc3 f1=Q 75. Kb4 Kf3 76. Kc5 Ke4 77. Kd6 Qc4 78. Kd7 Kf5 79. Ke7 Qc7+ 80. Kf8 Kf6 81. Kg8 g5 82. hxg6 Qg7#) 63. Qd2 $19 Kc4 64. Qa2+ Kb4 65. Qb1+ Kc5 66. Qc1+ $2 (66. Qd1 $19) 66... Qc4 $1 67. Qa3+ Kc6 68. Qa8+ Kb5 69. Qe8+ Kb4 70. Qe1+ Qc3 71. Qe7+ Kb3 72. Qe6+ Kc2 73. Qa2+ Kc1 74. Qa4 Kd2 ({Inferior is} 74... d2+ 75. Ke2 $11) 75. Qa2+ Qc2 $1 76. Qa5+ {[%emt 0:00:07] [#]} Kc1 $2 (76... Kd1 $1 {mates} 77. Qa1+ Qc1 78. Qe5 Qc6+ 79. Kf2 Qc2+ 80. Ke3 Qb3 81. Kf2 d2 82. Qc7 Qd3 83. g4 Qe2+ 84. Kg3 Qxg4+ 85. Kf2 Qe2+ 86. Kg1 Qe3+ 87. Kg2 Ke1 88. Qa5 Qf2+ 89. Kh1 Kf1 90. Qa6+ Qe2 91. Qg6 Qf3+ 92. Kh2 Qf2+ 93. Kh3 d1=Q 94. Qa6+ Qfe2 95. Kg3 Qxa6 96. Kh3 Qxh5+ 97. Kg3 Qag6#) 77. Qa1+ $11 Qb1 78. Qa3+ $2 {[%emt 0:00:28][%mdl 8192] [#]} (78. Qc3+ $11 Qc2 79. Qa3+ Kd1 80. Qa1+ Kd2 81. Qa5+ Qc3 82. Qa4) 78... Kd1 $1 79. Qa4+ Ke1 80. Qe8+ Kf1 81. Qc6 Qd1+ 82. Ke3 Qe2+ 83. Kd4 Qe4+ 0-1

[Event "MPL 19th IND-ch Teams Women 2022"]
[Site "Jalgaon"]
[Date "2022.04.10"]
[Round "3.3"]
[White "Priyanka Nutakki"]
[Black "Karavade, Eesha"]
[Result "1/2-1/2"]
[ECO "D02"]
[WhiteElo "2301"]
[BlackElo "2345"]
[Annotator "RC"]
[PlyCount "62"]
[EventDate "2022.04.10"]
[EventType "team-tourn"]
[EventCountry "IND"]
[SourceTitle "playchess.com"]
[Source "ChessBase"]
[SourceQuality "1"]
[TimeControl "5400+30"]

1. d4 d5 2. Nf3 Nf6 3. Bf4 c5 4. e3 Nc6 5. Nbd2 Qb6 6. dxc5 Qxb2 7. Rb1 Qc3 8. Bb5 g6 9. O-O Bg7 10. Nb3 O-O 11. Bxc6 bxc6 12. Nfd4 Ba6 13. Re1 Rac8 14. Qc1 Ne4 15. Nf3 e5 16. Bg3 Bb5 17. Qa3 a5 18. Qxa5 Qxa5 19. Nxa5 Ra8 20. Nb7 Nxg3 21. hxg3 Rxa2 22. Nd6 Rxc2 23. Nxb5 cxb5 24. Rxb5 Rc8 25. c6 d4 26. Nxe5 Bxe5 27. Rxe5 dxe3 28. R5xe3 R8xc6 29. R3e2 h5 30. f3 Rxe2 31. Rxe2 Kg7 1/2-1/2

[Event "MPL 19th IND-ch Teams Women 2022"]
[Site "Jalgaon"]
[Date "2022.04.10"]
[Round "3.4"]
[White "Mohota, Nisha"]
[Black "Vaishali R"]
[Result "1/2-1/2"]
[ECO "D04"]
[WhiteElo "2147"]
[BlackElo "2403"]
[Annotator "TA"]
[PlyCount "160"]
[EventDate "2022.04.10"]
[EventType "team-tourn"]
[EventCountry "IND"]
[SourceTitle "playchess.com"]
[Source "ChessBase"]
[SourceQuality "1"]
[TimeControl "5400+30"]

1. d4 Nf6 2. Nf3 d5 3. e3 c5 4. b3 Nc6 5. Bd3 cxd4 6. exd4 {[%emt 0:00:08] D04: Colle System.} Bg4 7. Be3 e6 {[%emt 0:01:52] [#]} 8. O-O $146 {[%emt 0:00:21] Black is slightly better.} ({Predecessor:} 8. Nbd2 Bb4 9. a3 Bc3 10. Be2 Bxa1 11. Qxa1 O-O 12. h3 Bf5 13. Qb2 Ne4 14. g4 Nxd2 15. Bxd2 {0-1 (39) Paras,R (1653)-Illingworth,M (2501) Tumon 2019}) 8... Bd6 (8... Ne4 $5 ) 9. Nbd2 O-O 10. c4 e5 11. dxe5 Bxe5 12. Rc1 Nb4 13. Be2 {[%emt 0:05:09] [#]} (13. Bb1 $1 $11) 13... d4 $1 $36 {[%emt 0:03:24][%mdl 2048] Black is in control.} 14. Nxe5 {[%emt 0:01:53] Bg5 is the strong threat.} dxe3 15. fxe3 Bxe2 16. Qxe2 Nxa2 17. Ra1 Nc3 18. Qe1 Re8 19. Ndf3 Nce4 20. Qa5 b6 $1 21. Qa3 Qc7 22. Qb2 Re6 23. Rfd1 ({White should play} 23. Nd3) 23... Rae8 24. Qd4 (24. Nd3 $17) 24... Rd6 (24... Rxe5 25. Nxe5 Rxe5 26. Qd8+ Qxd8 27. Rxd8+ Ne8 28. Rxa7 $11) (24... a5 $19 {has better winning chances. Hoping for ...g5.} 25. Nd3 Rd6) 25. Qb2 $17 Rde6 $2 (25... a5 $17 26. Rxd6 Qxd6) 26. Qd4 $19 a5 (26... Rxe5 27. Nxe5 Rxe5 28. Qd8+ Qxd8 29. Rxd8+ Ne8 30. Rxa7 $11) 27. Nd3 Rd6 $1 28. Qb2 Ng4 29. Nde5 Nxe5 (29... Nxe3 30. Rxd6 Qxd6 31. Re1 $17) 30. Nxe5 Qc5 31. Rxd6 Qxe3+ (31... Qxd6 32. Nf3 $17) 32. Kf1 Nxd6 33. Re1 Qf4+ 34. Nf3 Rxe1+ 35. Kxe1 Qe3+ 36. Kf1 Qd3+ 37. Ke1 Qe3+ 38. Kf1 $1 Ne4 ({And not} 38... Qd3+ 39. Ke1 $17) 39. Qd4 Qxd4 ({Weaker is} 39... Qc1+ 40. Ke2 f5 41. Qd5+ Kf8 42. Qxf5+ Nf6 43. Qc8+ Kf7 44. Qc7+ (44. Ne5+ Ke7 $11) 44... Kg6 45. Qg3+ Kh6 46. Nd2 $11) 40. Nxd4 {[%emt 0:00:02][%mdl 4096] Endgame KN-KN} Nc5 41. Ke2 Kf8 42. Kd2 Ke7 43. Kc3 Ne6 44. Nb5 (44. Nf5+ $17 {was called for.} Kd7 45. b4) 44... Kd7 (44... f5 $1 $19 45. b4 g5) 45. b4 $17 f5 46. Kb3 axb4 47. Kxb4 g5 48. Nc3 Kc6 {[%emt 0:00:45] Threatens to win with ...Nf4.} 49. Nd5 f4 50. Nf6 h6 (50... Kd6 $1 $17 51. Ng4 Nd4) 51. Kc3 (51. Ng8 $11) 51... Kd6 (51... Ng7 $1 $17 {White must now prevent ...Nf5.} 52. Kd3 Nf5) 52. Kd3 $1 $11 Nc5+ 53. Kd4 Ke6 54. Nd5 Nd7 55. h3 Kd6 {[%emt 0:00:53] Prevents Nc7.} 56. Nc3 Nc5 57. Nb5+ Ke6 58. Nc7+ Kf5 59. Nd5 Nd7 60. Ne7+ Kf6 $1 61. Nd5+ Ke6 62. Nc7+ Kf5 $1 {[%emt 0:00:13] aiming for ...g4.} 63. Nd5 {[%emt 0:00:48] [#]} h5 $1 64. Ne7+ Kf6 65. Nc6 $2 (65. Nd5+ $15 Ke6 66. Nc7+ Kf5 67. Ne8) 65... Ke6 $19 66. Nb4 Nf6 $2 (66... Kf5 $19 67. Nd5 g4 68. hxg4+ Kxg4) 67. Nd3 $17 Kf5 68. c5 bxc5+ 69. Nxc5 g4 70. hxg4+ Kxg4 ({Black should try} 70... hxg4 $17 {Strongly threatening ...g3.} 71. Nb3 Ne4) 71. Nd3 $2 {[%emt 0:00:22][%mdl 8192] [#]} (71. Ke5 $11) 71... h4 $1 $19 72. Ke5 {[%emt 0:00:47] [#]} f3 $1 73. gxf3+ (73. Nf2+ Kg3) 73... Kxf3 {[%emt 0:00:03] Mate.} 74. Nf4 Nh5 75. Nh3 Ng3 76. Kf6 Nh5+ 77. Kg5 Kg3 78. Nf2 Nf6 79. Nh1+ Kh3 80. Nf2+ Kg3 {[%emt 0:00:39][%mdl 32768] Weighted Error Value: White=0.14 (very precise) /Black=0.18 (very precise) . An unexpected result.} 1/2-1/2

[Event "MPL 19th IND-ch Teams Women 2022"]
[Site "Jalgaon"]
[Date "2022.04.11"]
[Round "4.1"]
[White "Niharika Ch"]
[Black "Arpita, Mukherjee"]
[Result "0-1"]
[ECO "B92"]
[WhiteElo "1992"]
[BlackElo "2260"]
[Annotator "RC"]
[PlyCount "42"]
[EventDate "2022.04.10"]
[EventType "team-tourn"]
[EventCountry "IND"]
[SourceTitle "playchess.com"]
[Source "ChessBase"]
[SourceQuality "1"]
[TimeControl "5400+30"]

1. e4 c5 2. Nf3 d6 3. d4 cxd4 4. Nxd4 Nf6 5. Nc3 a6 6. Be2 e5 7. Nb3 Be7 8. Be3 Be6 9. g4 d5 10. exd5 Nxd5 11. Bf3 Bb4 12. Bd2 Nc6 13. Ne4 O-O 14. c3 Be7 15. Nec5 Bxc5 16. Nxc5 Qb6 17. b4 Rad8 18. Bxd5 Bxd5 19. O-O e4 20. Qc1 Ne5 21. h3 Nf3+ 0-1

[Event "MPL 19th IND-ch Teams Women 2022"]
[Site "Jalgaon"]
[Date "2022.04.11"]
[Round "4.2"]
[White "Divya Deshmukh"]
[Black "Toshali, V."]
[Result "1/2-1/2"]
[ECO "B12"]
[WhiteElo "2301"]
[BlackElo "2126"]
[Annotator "RC"]
[PlyCount "37"]
[EventDate "2022.04.10"]
[EventType "team-tourn"]
[EventCountry "IND"]
[SourceTitle "playchess.com"]
[Source "ChessBase"]
[SourceQuality "1"]
[TimeControl "5400+30"]

1. e4 c6 2. d4 d5 3. e5 Bf5 4. h4 a6 5. Ne2 h6 6. Ng3 Bg6 7. h5 Bh7 8. e6 fxe6 9. Bd3 Nf6 10. Bxh7 Nxh7 11. Qd3 Qd6 12. Ne2 e5 13. dxe5 Qxe5 14. O-O Nd7 15. Nf4 Qe4 16. Qd1 e5 17. Ng6 Rg8 18. Bf4 O-O-O 19. Re1 1/2-1/2

[Event "MPL 19th IND-ch Teams Women 2022"]
[Site "Jalgaon"]
[Date "2022.04.11"]
[Round "4.3"]
[White "Kotepalli, Sai Nirupama"]
[Black "Vaishali R"]
[Result "0-1"]
[ECO "A45"]
[WhiteElo "1914"]
[BlackElo "2403"]
[Annotator "TA"]
[PlyCount "66"]
[EventDate "2022.04.10"]
[EventType "team-tourn"]
[EventCountry "IND"]
[SourceTitle "playchess.com"]
[Source "ChessBase"]
[SourceQuality "1"]
[TimeControl "5400+30"]

1. d4 Nf6 2. Bf4 d5 3. e3 c5 4. c3 Nc6 5. Nf3 Qb6 6. Qb3 c4 7. Qc2 {[%emt 0:01:55] 7.Qc2 is better than 7.Qxb6.} Bf5 8. Qc1 ({Not} 8. Qxf5 $2 Qxb2 9. Nbd2 Qxa1+ $19) 8... Nh5 {[%emt 0:01:51] D02: 1 d4 d5 2 Nf3 sidelines, including 2...Nf6 3 g3 and 2...Nf6 3 Bf4.} 9. Bg5 h6 10. Bh4 g5 {[%emt 0:00:05] Black is slightly better.} 11. Bg3 Bg7 12. Be2 Nxg3 13. hxg3 e5 14. dxe5 Bxe5 {[%emt 0:07:41] [#]} 15. Na3 $146 ({Predecessor:} 15. Nbd2 Bf6 16. O-O Qc7 17. b3 cxb3 18. axb3 O-O 19. Ra4 Rfe8 20. Re1 a6 21. Nb1 {0-1 (36) Pribylova,S (1985)-Sorm,D (2282) Prague 2019}) 15... O-O-O 16. Nd2 (16. b3 $11 {keeps the balance.}) 16... Rhe8 {[%emt 0:14:33][%cal Oe5g3] Threatens to win with ...Bxg3!} 17. g4 Bg6 {[%emt 0:02:36] &Nero is much more active.} 18. Nc2 Bg7 19. Nf3 $1 f5 20. gxf5 Bxf5 21. O-O Be4 {[%emt 0:03:57] This bishop pair is nice.} 22. Nd2 (22. Ncd4 $142) 22... Kb8 (22... Bg6 $17 {Strongly threatening ...h5.} 23. Nf3 Kb8) 23. Nxe4 $11 Rxe4 24. Bf3 Re7 25. Rd1 {[%emt 0:01:31] [#]} ({White should try} 25. Be2 $15) 25... Ne5 $1 $17 26. Be2 g4 27. Nd4 (27. e4 $17) 27... Rf8 $19 28. Qc2 Qf6 29. Rf1 Qg5 {[%emt 0:01:05][%cal Oe5f3] ...Nf3+! is the strong threat.} 30. b3 $2 {[%emt 0:01:54] [#]} (30. Rfd1 g3 31. fxg3) 30... Nf3+ $1 31. Bxf3 gxf3 32. g3 Bxd4 33. exd4 Qh5 {[%emt 0:00:07] Weighted Error Value: White=0.57/Black=0.10 (very precise)} 0-1

[Event "MPL 19th IND-ch Teams Women 2022"]
[Site "Jalgaon"]
[Date "2022.04.11"]
[Round "4.4"]
[White "Priyanka, Kumari"]
[Black "Bommini Mounika Akshaya"]
[Result "1/2-1/2"]
[ECO "C70"]
[WhiteElo "1910"]
[BlackElo "2145"]
[Annotator "RC"]
[PlyCount "78"]
[EventDate "2022.04.10"]
[EventType "team-tourn"]
[EventCountry "IND"]
[SourceTitle "playchess.com"]
[Source "ChessBase"]
[SourceQuality "1"]
[TimeControl "5400+30"]

1. e4 e5 2. Nf3 Nc6 3. Bb5 a6 4. Ba4 f5 5. d3 fxe4 6. dxe4 Nf6 7. Nc3 Bb4 8. Qd3 Bxc3+ 9. bxc3 O-O 10. Bb3+ Kh8 11. Bg5 h6 12. Nh4 Qe8 13. Bd2 d6 14. f3 Qh5 15. g3 Na5 16. O-O-O Nxb3+ 17. axb3 a5 18. Kb2 Bd7 19. Be1 a4 20. g4 Qf7 21. b4 a3+ 22. Ka1 Be6 23. Rg1 Nh7 24. Bd2 Ng5 25. Nf5 Nh3 26. Rg2 Bc4 27. Qe3 Nf4 28. Rg3 Qd7 29. g5 h5 30. Qf2 g6 31. Bxf4 exf4 32. Rg2 Bg8 33. Nd4 Kh7 34. Qd2 Qa4 35. Ne2 Qc6 36. Nd4 Qc4 37. Nb3 Qc6 38. Nd4 Qc4 39. Nb3 Qc6 1/2-1/2

[Event "MPL 19th IND-ch Teams Women 2022"]
[Site "Jalgaon"]
[Date "2022.04.11"]
[Round "4.5"]
[White "Soumya, Swaminathan"]
[Black "Anjali R. Sagar"]
[Result "1-0"]
[ECO "C84"]
[WhiteElo "2360"]
[BlackElo "1836"]
[Annotator "RC"]
[PlyCount "41"]
[EventDate "2022.04.10"]
[EventType "team-tourn"]
[EventCountry "IND"]
[SourceTitle "playchess.com"]
[Source "ChessBase"]
[SourceQuality "1"]
[TimeControl "5400+30"]

1. e4 e5 2. Nf3 Nc6 3. Bb5 a6 4. Ba4 Nf6 5. O-O Be7 6. d3 b5 7. Bb3 d6 8. a4 Bb7 9. Bd2 O-O 10. Re1 Nd7 11. Nc3 Nc5 12. Bd5 b4 13. Ne2 a5 14. Ng3 g6 15. Bh6 Re8 16. c3 Rb8 17. d4 exd4 18. cxd4 Nd7 19. Bxf7+ Kxf7 20. Qb3+ Kf6 21. Ng5 1-0

[Event "MPL 19th IND-ch Teams Women 2022"]
[Site "Jalgaon"]
[Date "2022.04.11"]
[Round "4.6"]
[White "Tejaswini, Sagar"]
[Black "Gomes, Mary Ann"]
[Result "0-1"]
[ECO "B90"]
[WhiteElo "2166"]
[BlackElo "2361"]
[Annotator "TA"]
[PlyCount "48"]
[EventDate "2022.04.10"]
[EventType "team-tourn"]
[EventCountry "IND"]
[SourceTitle "playchess.com"]
[Source "ChessBase"]
[SourceQuality "1"]
[TimeControl "5400+30"]

1. e4 c5 2. Nf3 d6 3. d4 cxd4 4. Nxd4 Nf6 5. Nc3 a6 6. h3 e5 {[%emt 0:00:06] 6...e5 is better than 6...e6.} 7. Nde2 h5 {[%emt 0:00:07] B90: Sicilian Najdorf: Unusual White 6th moves, 6 Be3 Ng4 and 6 Be3 e5.} 8. g3 Be6 9. Bg2 Nbd7 {[%emt 0:00:14] The position is equal.} 10. a4 Be7 11. b3 Rc8 12. f4 {[%emt 0:04:58] [#] Hoping for f5.} g6 {[%emt 0:09:24] Against f5} 13. Rf1 {[%emt 0:09:27] [#] aiming for f5.} exf4 $146 ({Predecessor:} 13... Nf8 14. f5 Bd7 15. Be3 Bc6 16. a5 N8d7 17. Nd5 Bxd5 18. exd5 gxf5 19. Rxf5 Nf8 {1-0 (33) Popov,I (2585)-De Lucas Bello,F (1973) La Roda 2019}) 14. gxf4 Qa5 {[%emt 0:07:08] Prevents f5.} (14... O-O $14) 15. Bd2 ({Better is} 15. Qd4 $16) 15... Ng4 $11 {[%emt 0:02:04] Strongly threatening ...Bh4+.} 16. Nd4 $2 {[%emt 0:10:25][%mdl 8192] Now White is beyond hope.} ({Don't go for} 16. hxg4 $2 Bh4+ 17. Rf2 Qc5 $19) (16. Qb1 $1 $14 {was the only good move.} Bh4+ 17. Kd1 Nf2+ 18. Kc1) 16... Rxc3 $19 17. hxg4 (17. Rf3 $142 Bh4+ 18. Ke2 Rxf3 19. Nxf3 (19. Bxa5 $2 {too greedy.} Rf2+ 20. Kd3 Nc5+ 21. Kc3 Ne3 $19)) 17... Bxg4 18. Nf3 {[%emt 0:08:49] Prevents Bh4+.} (18. Rf3 Bh4+ 19. Kf1 Bxf3 20. Nxf3) 18... Nc5 19. Qe2 {[%emt 0:12:48] [#]} Bh4+ $1 20. Kd1 O-O {[%emt 0:03:37] ...Re8 is the strong threat.} 21. Rb1 Qb4 22. Bxc3 Qxc3 {[%emt 0:05:30] The board is on fire.} 23. Qc4 $2 (23. Qd2 Nxe4 24. Qxc3 Nxc3+ 25. Kc1) 23... Qe3 24. b4 Nxe4 {[%emt 0:00:20] Weighted Error Value: White=1.02/Black=0.34} 0-1

[Event "MPL 19th IND-ch Teams Women 2022"]
[Site "Jalgaon"]
[Date "2022.04.11"]
[Round "4.7"]
[White "Karavade, Eesha"]
[Black "Falak Joni Naik"]
[Result "1-0"]
[ECO "A34"]
[WhiteElo "2345"]
[BlackElo "1329"]
[Annotator "RC"]
[PlyCount "102"]
[EventDate "2022.04.10"]
[EventType "team-tourn"]
[EventCountry "IND"]
[SourceTitle "playchess.com"]
[Source "ChessBase"]
[SourceQuality "1"]
[TimeControl "5400+30"]

1. c4 Nf6 2. Nc3 c5 3. g3 e6 4. Nf3 d5 5. cxd5 exd5 6. d4 b6 7. Bg2 Bb7 8. O-O Be7 9. Bf4 a6 10. Ne5 O-O 11. dxc5 bxc5 12. Qb3 Ra7 13. Rfd1 c4 14. Qa4 Nbd7 15. Nxd7 Nxd7 16. Nxd5 Bxd5 17. Rxd5 Nb6 18. Rxd8 Nxa4 19. Rxf8+ Kxf8 20. b3 Nc3 21. Bf3 Bf6 22. Rc1 cxb3 23. axb3 Rd7 24. Kg2 h6 25. Be3 g5 26. Bc5+ Kg7 27. Rc2 Be5 28. Bb4 Nb5 29. e3 Rd3 30. Rc8 Bd6 31. Rd8 Kf6 32. Be2 Ke7 33. Rxd6 Rxd6 34. Bxb5 axb5 35. Kf3 Ke6 36. Bxd6 Kxd6 37. Ke4 Kc5 38. Kd3 g4 39. e4 Kb4 40. Kc2 f6 41. Kb2 Kc5 42. Kc3 Kc6 43. Kd4 Kd6 44. b4 h5 45. Kd3 Ke6 46. Ke3 Ke5 47. h4 f5 48. exf5 Kxf5 49. f4 gxf3 50. Kxf3 Ke5 51. g4 Kd5 1-0

[Event "MPL 19th IND-ch Teams Women 2022"]
[Site "Jalgaon"]
[Date "2022.04.11"]
[Round "4.8"]
[White "Shah Garvi"]
[Black "Mohota, Nisha"]
[Result "0-1"]
[ECO "B02"]
[WhiteElo "1084"]
[BlackElo "2147"]
[Annotator "RC"]
[PlyCount "94"]
[EventDate "2022.04.10"]
[EventType "team-tourn"]
[EventCountry "IND"]
[SourceTitle "playchess.com"]
[Source "ChessBase"]
[SourceQuality "1"]
[TimeControl "5400+30"]

1. e4 Nf6 2. Nc3 d5 3. e5 Ne4 4. Nxe4 dxe4 5. d4 exd3 6. cxd3 Nc6 7. Bf4 Qd4 8. Qd2 Nxe5 9. Be2 Bf5 10. Bxe5 Qxe5 11. Nf3 Qd6 12. Rc1 e6 13. O-O O-O-O 14. Qc3 c6 15. d4 f6 16. Qa5 Kb8 17. Rc4 Qc7 18. Qxc7+ Kxc7 19. Rfc1 Be4 20. a3 Bd5 21. R4c3 Bd6 22. b4 a6 23. g3 g5 24. h3 Rhg8 25. Nd2 Be7 26. Bc4 f5 27. Re1 Bf6 28. Bxd5 exd5 29. Nb3 g4 30. h4 Rde8 31. Rce3 Rxe3 32. Rxe3 b6 33. Kf1 Kd7 34. Ke2 f4 35. gxf4 Bxh4 36. Kf1 Rf8 37. Kg2 Rxf4 38. f3 h5 39. a4 Rxf3 40. Rxf3 gxf3+ 41. Kxf3 Be1 42. a5 Bxb4 43. axb6 Kc8 44. Kg3 Kb7 45. Kh4 Kxb6 46. Kxh5 Kb5 47. Kg4 Kc4 0-1

[Event "MPL 19th IND-ch Teams Women 2022"]
[Site "Jalgaon"]
[Date "2022.04.13"]
[Round "6.1"]
[White "Anjali R. Sagar"]
[Black "Arpita, Mukherjee"]
[Result "0-1"]
[ECO "B90"]
[WhiteElo "1836"]
[BlackElo "2260"]
[Annotator "TA"]
[PlyCount "50"]
[EventDate "2022.04.10"]
[EventType "team-tourn"]
[EventCountry "IND"]
[SourceTitle "playchess.com"]
[Source "ChessBase"]
[SourceQuality "1"]
[TimeControl "5400+30"]

1. e4 c5 2. Nf3 d6 3. d4 cxd4 4. Nxd4 Nf6 5. Nc3 a6 6. f3 e5 7. Nb3 Be6 8. Be3 Be7 9. Qd2 h5 10. Be2 Nbd7 {B90: Sicilian Najdorf: Unusual White 6th moves, 6 Be3 Ng4 and 6 Be3 e5.} 11. O-O-O Rc8 12. Kb1 b5 {The position is equal.} 13. Nd5 Nxd5 14. exd5 Bf5 15. Bd3 Bxd3 16. Qxd3 Bg5 {[#]} 17. Rhe1 $146 ({Predecessor:} 17. f4 exf4 18. Bd4 O-O 19. g3 Re8 20. gxf4 Bxf4 21. Rhg1 Be5 22. Qf5 Nf8 23. Qxh5 {½-½ (49) Kurylo,R (2344)-Vekelis,G (2349) ICCF email 2018}) 17... O-O 18. g3 (18. Bxg5 $11 Qxg5 19. g3) 18... Bxe3 $15 19. Rxe3 Nb6 20. Qf5 Nc4 21. Re2 g6 22. Qd3 a5 23. Nd2 a4 24. Nxc4 Rxc4 25. b3 $2 {[%mdl 8192] [#]} (25. Re4 $15) 25... Rd4 {Weighted Error Value: White=0.67/Black=0.06 (flawless)} 0-1

[Event "MPL 19th IND-ch Teams Women 2022"]
[Site "Jalgaon"]
[Date "2022.04.13"]
[Round "6.2"]
[White "Divya Deshmukh"]
[Black "Sagar Siya"]
[Result "1-0"]
[ECO "C27"]
[WhiteElo "2301"]
[BlackElo "1831"]
[Annotator "TA"]
[PlyCount "45"]
[EventDate "2022.04.10"]
[EventType "team-tourn"]
[EventCountry "IND"]
[SourceTitle "playchess.com"]
[Source "ChessBase"]
[SourceQuality "1"]
[TimeControl "5400+30"]

1. e4 e5 2. Nc3 Nf6 3. Bc4 Nxe4 4. Qh5 Nd6 5. Bb3 Be7 6. Nf3 Nc6 {[%emt 0:00:56] White should prevent ...g6.} 7. h4 {[%emt 0:01:04] C27: Vienna Game: 2...Nf6 3 Bc4 Nxe4.} (7. Nxe5 $11 g6 8. Qe2) 7... g6 $17 8. Qg4 h5 9. Qg3 {[%emt 0:02:51] [#]} (9. Qa4 $17 {keeps fighting.}) 9... Na5 $146 (9... Nf5 $19 {avoids the disaster.} 10. Qh2 O-O) ({Predecessor:} 9... Nf5 10. Qh2 d6 11. d3 Ncd4 12. Nxd4 Nxd4 13. Bd2 Bg4 14. Nd5 c6 15. Nxe7 Qxe7 16. Qg3 O-O-O 17. f3 Be6 18. O-O-O Ne2+ {0-1 (18) Svacina,P (2029)-Cervenka,J (2002) Czech Republic 2003}) 10. Qxe5 $18 O-O 11. Qxa5 Re8 12. O-O b6 13. Qe5 Bxh4 14. Qf4 Bf6 15. Nd5 ({Resist} 15. Qh6 Re6 16. Bxe6 dxe6 $18) 15... Bg7 16. d3 {[%emt 0:02:09][%cal Od5c7] [#] Hoping for Nxc7!} Bb7 17. Bd2 {[%emt 0:00:47][%cal Od5c7,Bc1d2,Bd2g5,Bg5e7][%mdl 32] Threatens to win with Nxc7!} ({Don't play} 17. Nxc7 Qxc7 18. Bxf7+ Kh8 19. Bxg6 Re6 $18) 17... Rb8 $2 (17... Bxd5 18. Bxd5 Rc8) 18. Rae1 Bxd5 19. Bxd5 Rf8 (19... Qf6 20. d4 Rxe1) 20. Qg3 {[%emt 0:00:14] [#] Strongly threatening Qxg6. White is clearly winning.} Kh8 21. Bg5 Qc8 (21... Bf6 $142 22. Bf4 Nf5) 22. Nh4 Kh7 23. Be7 {[%emt 0:00:08] Weighted Error Value: White=0.61/Black=0.95} 1-0